 Dungeon Crawl Stone Soup version 0.29.0 (webtiles) character file.

Game seed: 18299728872227462301

1180 themarg the Insei (level 8, -10/61 HPs)
             Began as a Gnoll Transmuter on Aug 24, 2022.
             Was an Initiate of Wu Jian.
             Mangled by a mummy (14 damage)
             ... in an ossuary.
             The game lasted 00:20:27 (6272 turns).

themarg the Insei (Gnoll Transmuter)                Turns: 6272, Time: 00:20:28

Health: -10/61     AC:  2    Str: 10    XL:     8   Next: 42%
Magic:  9/17       EV: 14    Int: 14    God:    Wu Jian [......]
Gold:   335        SH:  0    Dex: 13    Spells: 13/19 levels left

rFire   + . .      SeeInvis .   l - +1 hand axe (vorpal)
rCold   + . .      Faith    .   (no shield)
rNeg    . . .      Spirit   .   a - +0 robe
rPois   .          Reflect  .   (no helmet)
rElec   .          Harm     .   d - scarf {rC+ rF+}
rCorr   .          Rampage  .   (no gloves)
Will    .....                   (no boots)
Stlth   ++........              (no amulet)
HPRegen 0.20/turn               (no ring)
MPRegen 0.15/turn               (no ring)

@: brilliant, marked, wereblooded (expiring), attractive
A: fangs 1, strong nose, distributed training
a: Renounce Religion


You were in an ossuary.
You worshipped Wu Jian.
Wu Jian was noncommittal.
You visited 2 branches of the dungeon, and saw 7 of its levels.
You also visited: Ossuary.

You collected 335 gold pieces.

Inventory:

Hand Weapons
 l - a +1 vorpal hand axe (weapon)
Missiles
 g - 3 atropa-tipped darts
 u - 4 datura-tipped darts
Armour
 a - a +0 robe (worn)
 d - a scarf of resistance (worn)
 q - a +0 pair of gloves
 t - a +0 cloak
Jewellery
 r - a +6 ring of strength
Scrolls
 e - 2 scrolls of amnesia {unknown}
 f - 2 scrolls of immolation
 i - 2 scrolls of noise
 j - 2 scrolls of teleportation {unknown}
 k - a scroll of magic mapping
 m - 2 scrolls of fog {unknown}
 o - a scroll of silence {unknown}
 v - a scroll of enchant weapon {unknown}
Potions
 b - a potion of lignification
 h - 2 potions of magic {unknown}
 n - 2 potions of attraction
 p - a potion of invisibility
 s - a potion of brilliance
 x - a potion of resistance {unknown}


   Skills:
 + Level 4.3 Fighting
 + Level 3.4 Short Blades
 + Level 3.4 Long Blades
 + Level 3.4 Axes
 + Level 3.4 Maces & Flails
 + Level 3.4 Polearms
 + Level 3.4 Staves
 + Level 3.4 Ranged Weapons
 + Level 3.4 Throwing
 + Level 3.4 Armour
 + Level 5.7 Dodging
 + Level 3.4 Stealth
 + Level 3.4 Shields
 + Level 7.4 Unarmed Combat
 + Level 6.1 Spellcasting
 + Level 2.7 Conjurations
 + Level 2.7 Hexes
 + Level 2.7 Summonings
 + Level 2.7 Necromancy
 + Level 2.7 Translocations
 + Level 4.7 Transmutations
 + Level 2.7 Fire Magic
 + Level 2.7 Ice Magic
 + Level 2.7 Air Magic
 + Level 2.7 Earth Magic
 + Level 2.7 Poison Magic
 + Level 3.7 Invocations
 + Level 3.4 Evocations


You had 13 spell levels left.
You knew the following spells:

 Your Spells              Type           Power      Damage    Failure   Level
a - Beastly Appendage     Tmut           52%        N/A       2%          1
b - Wereblood             Tmut           26%        N/A       3%          2
c - Spider Form           Tmut/Pois      22%        N/A       10%         3

Your spell library contained the following spells:

 Spells                   Type           Power      Damage    Failure   Level
 Poisonous Vapours        Pois/Air       36%        N/A       8%          2
 Ignite Poison            Fire/Tmut/Pois 20%        N/A       12%         3
 Conjure Flame            Conj/Fire      18%        6-21      16%         3
 Ice Form                 Ice/Tmut       22%        N/A       32%         4
 Corpse Rot               Necr/Pois/Air  18%        N/A       45%         4
 Sticky Flame             Conj/Fire      18%        2d4       45%         4


Dungeon Overview and Level Annotations

Branches:
Dungeon (6/15)             Temple (1/1) D:4         Ossuary (1/1)

Altars:
Ashenzari
Cheibriados
Dithmenos
Elyvilon
Fedhas
Gozag
Hepliaklqana
Makhleb
Nemelex Xobeh
Okawaru
Qazlal
Sif Muna
Vehumet
Wu Jian
Xom
Yredelemnul
The Shining One


Innate Abilities, Weirdness & Mutations

You have very sharp teeth.
Your uncanny sense of smell can sniff out nearby items.
Your experience applies equally to all skills.


Message History

You feel clever all of a sudden. The hobgoblin zombie misses you.
The centaur zombie misses you. The centaur zombie kicks you.
* * * LOW HITPOINT WARNING * * *
The hobgoblin zombie completely misses you.
The mummy is attracted toward you. x2
Casting: Spider Form (dangerous; 24% risk of failure)
Confirm with . or Enter, or press ? or * to list all spells.
You don't know that spell.
You bite the hobgoblin zombie!
You feel a bit better.
You destroy the hobgoblin zombie!
The Council accepts your kill. The centaur zombie misses you. x2
The hobgoblin zombie closely misses you.
The mummy is attracted toward you.
As you read the scroll labelled BOMER QEKECE, it crumbles to dust.
It is a scroll of identify.
i - 2 scrolls of noise You hiss as the wereblood boils in your veins!
Your transformation has ended.
Your +1 vorpal hand axe unmelds from your body.
Your scarf of resistance unmelds from your body.
Your +0 robe unmelds from your body.
You feel resistant to extremes of temperature.
The centaur zombie hits you.
* * * LOW HITPOINT WARNING * * *
The centaur zombie misses you. The hobgoblin zombie hits you.
* * * LOW HITPOINT WARNING * * *
The hobgoblin zombie hits you.
* * * LOW HITPOINT WARNING * * *
As you read the scroll of identify, it crumbles to dust.
f - 2 scrolls of immolation You howl as the wereblood boils in your veins!
Your primal bloodlust is almost over.
The centaur zombie closely misses you.
The centaur zombie kicks you but does no damage.
The hobgoblin zombie hits you.
* * * LOW HITPOINT WARNING * * *
The mummy hits you!
You die...

##.....##
#....§..
#...^.#
#.....#
#..§..#
#..∩..#
#....Z#
#..§ZM#
#...M@#
#...Z.#
#.....#
#.....#
##...##
#####


You could see 2 mummies, 2 hobgoblin zombies and a centaur zombie.

Vanquished Creatures
  An ogre (D:5)
  A centaur (D:5)
  A phantom (D:5)
  A bullfrog (D:5)
  2 necrophages (D:5)
  3 centaur zombies (Ossuary)
  4 jellies
  Crazy Yiuf (D:4)
  3 orc priests
  A hound (D:5)
  Natasha (twice) (D:2)
  2 iguanas
  3 orc wizards
  3 mummies (Ossuary)
  6 adders
  An ufetubus (D:4)
  A worm (D:2)
  3 dart slugs
  15 orcs
  5 ball pythons
  13 endoplasms
  5 giant cockroaches
  14 goblins
  5 hobgoblins
  4 jackals (D:2)
  2 quokkas
  5 bats
  14 frilled lizards
  4 hobgoblin zombies (Ossuary)
  7 kobolds
  5 rats
137 creatures vanquished.

Vanquished Creatures (others)
  4 plants (D:2)
4 creatures vanquished.

Grand Total: 141 creatures vanquished

Notes
Turn   | Place    | Note
-------+----------+-------------------------------------------
     0 | D:1      | themarg the Gnoll Transmuter began the quest for the Orb.
     0 | D:1      | Reached XP level 1. HP: 17/17 MP: 6/6
   200 | D:1      | Reached XP level 2. HP: 21/23 MP: 4/7
   368 | D:1      | Learned a level 2 spell: Wereblood
   368 | D:1      | Found a faded altar of an unknown god.
   512 | D:1      | Reached skill level 5 in Spellcasting
   512 | D:1      | Reached XP level 3. HP: 28/28 MP: 7/9
  1114 | D:1      | Learned a level 3 spell: Spider Form
  1121 | D:2      | Reached skill level 1 in Invocations
  1225 | D:2      | Reached skill level 1 in Short Blades
  1225 | D:2      | Reached skill level 1 in Long Blades
  1225 | D:2      | Reached skill level 1 in Axes
  1225 | D:2      | Reached skill level 1 in Maces & Flails
  1225 | D:2      | Reached skill level 1 in Polearms
  1225 | D:2      | Reached skill level 1 in Staves
  1225 | D:2      | Reached skill level 1 in Ranged Weapons
  1225 | D:2      | Reached skill level 1 in Throwing
  1225 | D:2      | Reached skill level 1 in Armour
  1225 | D:2      | Reached skill level 1 in Stealth
  1225 | D:2      | Reached skill level 1 in Shields
  1225 | D:2      | Reached skill level 1 in Evocations
  1339 | D:2      | Noticed Natasha
  1345 | D:2      | Killed Natasha
  1346 | D:2      | Reached skill level 1 in Conjurations
  1346 | D:2      | Reached skill level 1 in Hexes
  1346 | D:2      | Reached skill level 1 in Summonings
  1346 | D:2      | Reached skill level 1 in Necromancy
  1346 | D:2      | Reached skill level 1 in Translocations
  1346 | D:2      | Reached skill level 1 in Fire Magic
  1346 | D:2      | Reached skill level 1 in Ice Magic
  1346 | D:2      | Reached skill level 1 in Air Magic
  1346 | D:2      | Reached skill level 1 in Earth Magic
  1346 | D:2      | Reached skill level 1 in Poison Magic
  1346 | D:2      | Reached XP level 4. HP: 24/34 MP: 7/11
  1593 | D:2      | Found a basalt altar of Yredelemnul.
  1699 | D:2      | Noticed Natasha
  1706 | D:2      | Killed Natasha
  1707 | D:2      | Reached XP level 5. HP: 40/40 MP: 8/12
  2183 | D:3      | Found a shimmering blue altar of Sif Muna.
  2661 | D:3      | Found a burning altar of Makhleb.
  3059 | D:3      | Reached XP level 6. HP: 31/47 MP: 11/14
  3328 | D:3      | Reached skill level 5 in Dodging
  3962 | D:4      | Found a staircase to the Ecumenical Temple.
  3968 | Temple   | Entered the Ecumenical Temple
  4071 | Temple   | Became a worshipper of the Wu Jian Council
  4417 | D:4      | Found a runed translucent door.
  4418 | D:4      | Noticed Crazy Yiuf
  4426 | D:4      | Killed Crazy Yiuf
  4639 | D:4      | Reached skill level 7 in Unarmed Combat
  4639 | D:4      | Reached XP level 7. HP: 33/52 MP: 12/15
  4937 | D:5      | Entered Level 5 of the Dungeon
  5210 | D:5      | Reached XP level 8. HP: 53/60 MP: 14/16
  6206 | D:6      | Found a sand-covered staircase.
  6210 | Ossuary  | Entered an ossuary
  6272 | Ossuary  | Mangled by a mummy

Illustrated notes

Levels and vault maps discovered:
D:1:      dpeg_arrival_orchard, layout_basic, basic_ecumenical_altar,
          st_stairs_12, minmay_misc_feat_ornament
D:2:      layout_basic, basic_altar, minmay_lizard_king, uniq_natasha
D:3:      layout_loops_ring, lightli_temple_of_fire, lemuel_tele_altar,
          kennysheep_potato
D:4:      layout_loops_ring, temple_green, kennysheep_windowed_goal,
          uniq_crazy_yiuf_cottage
D:5:      layout_loops_ring, nicolae_eternal_life
D:6:      layout_basic, kennysheep_little_box, enter_ossuary_5,
          gammafunk_ghost_icy, grunt_decor_one_mirror
Temple:   nicolae_temple_great_sept
Ossuary:  ossuary_the_hunt_dpeg

Skill      XL: |  1  2  3  4  5  6  7  8 |
---------------+-------------------------+-----
Spellcasting   | 5 6 |  6.1
Invocations    | 1 2 3 |  3.7
Short Blades   | 1 2 3 |  3.4
Long Blades    | 1 2 3 |  3.4
Axes           | 1 2 3 |  3.4
Maces & Flails | 1 2 3 |  3.4
Polearms       | 1 2 3 |  3.4
Staves         | 1 2 3 |  3.4
Ranged Weapons | 1 2 3 |  3.4
Throwing       | 1 2 3 |  3.4
Armour         | 1 2 3 |  3.4
Stealth        | 1 2 3 |  3.4
Shields        | 1 2 3 |  3.4
Evocations     | 1 2 3 |  3.4
Conjurations   | 1 2 |  2.7
Hexes          | 1 2 |  2.7
Summonings     | 1 2 |  2.7
Necromancy     | 1 2 |  2.7
Translocations | 1 2 |  2.7
Fire Magic     | 1 2 |  2.7
Ice Magic      | 1 2 |  2.7
Air Magic      | 1 2 |  2.7
Earth Magic    | 1 2 |  2.7
Poison Magic   | 1 2 |  2.7
Fighting       | 3 4 |  4.3
Transmutations | 4 |  4.7
Dodging        | 5 |  5.7
Unarmed Combat | 7 |  7.4

Action                   |  1- 3 |  4- 6 |  7- 9 || total
-------------------------+-------+-------+-------++-------
Melee: Unarmed           |    25 |    91 |    92 ||   208
       Headbutt          |    16 |    11 |       ||    27
       Dagger            |    79 |    72 |       ||   151
       Kick              |    21 |    15 |       ||    36
       Bite              |     8 |     4 |     4 ||    16
       Punch             |     3 |     3 |       ||     6
       Hand axe          |       |    28 |    12 ||    40
 Cast: Beastly Appendage |    22 |    18 |       ||    40
       Spider Form       |     1 |    20 |    13 ||    34
       Wereblood         |     1 |     6 |     2 ||     9
Invok: Lunge             |       |     3 |     5 ||     8
  Use: Potion            |     2 |       |     3 ||     5
       Scroll            |       |       |     4 ||     4
 Stab: Sleeping          |       |     6 |     1 ||     7
Armor: Robe              |    18 |    19 |     5 ||    42
       Skin              |       |     5 |    14 ||    19
Dodge: Dodged            |    62 |   116 |   178 ||   356
